 Dungeon Crawl Stone Soup version 0.30-a0-949-g53dc5368d7 (webtiles) character file.

Game seed: 5031330091326107459

2 Jackthecabe the Charlatan (level 1, -2/15 HPs)
             Began as a Barachi Artificer on Mar 27, 2023.
             Frozen to death by an endoplasm (5 damage)
             ... on level 1 of the Dungeon.
             The game lasted 00:00:23 (42 turns).

Jackthecabe the Charlatan (Barachi Artificer)         Turns: 42, Time: 00:00:24

Health: -2/15      AC:  3    Str: 13    XL:     1   Next: 30%
Magic:  1/1        EV: 11    Int: 11    God:
Gold:   7          SH:  0    Dex: 12    Spells: 0/0 levels left

rFire   . . .      SeeInvis .    a - +0 club
rCold   . . .      Faith    .    (no shield)
rNeg    . . .      Spirit   .    b - +0 leather armour
rPois   .          Reflect  .    (no helmet)
rElec   .          Rampage  .    (no cloak)
rCorr   .                        (no gloves)
Will    .....                    (no boots)
Stlth   +                        (no amulet)
HPRegen 0.22/turn                (no ring)
MPRegen 0.07/turn                (no ring)

@: slow
A: amphibious, slowness 1, strong legs 1, +LOS
a: Hop


You were on level 1 of the Dungeon.
You visited 1 branch of the dungeon, and saw 1 of its levels.

You collected 7 gold pieces.


Innate Abilities, Weirdness & Mutations

You are amphibious.
You cover ground slowly.
You can hop short distances.
You have an extended range of vision and can be seen from far away.


   Skills:
 * Level 1.6 Fighting
 - Level 2.4 Armour
 - Level 1.1 Dodging
 - Level 0.8 Stealth
 - Level 3.2 Evocations


You couldn't memorise any spells.
You didn't know any spells.
Your spell library was empty.

Inventory:

Hand Weapons
 a - a +0 club (weapon)
Armour
 b - a +0 leather armour (worn)
Wands
 c - a wand of flame (12) (quivered)
 d - a wand of charming (15)
 e - a wand of iceblast (5)
Scrolls
 g - a scroll of magic mapping {unknown}
Potions
 f - a potion of heal wounds {unknown}

Dungeon Overview and Level Annotations

Branches:
Dungeon (1/15)

Altars:

#.♣≈~~~~~♣♣.# .#.#
#.♣≈~~<~~♣♣.#
.#..##) #
#.♣≈~~~~~≈♣.# .
......
#.♣♣~~~~~≈♣.# ....#
#. ♣~~~~~≈♣.####..
..# .♣♣~~~~~♣♣.#...
..
#!~~≈≈≈≈≈~~.#.###.#
#..~♣♣♣♣♣~.....g..#
#..# ######@##!#
##. #JS# # ##..[
.#$# .#... .# ###
.. ##


You could see an endoplasm, a goblin and a ball python.


Message History

The ball python hisses angrily.
The endoplasm barely misses you.
You hit the endoplasm.
The endoplasm is heavily wounded.
The endoplasm freezes you.
You are frozen.
The endoplasm hits you.
A goblin comes into view. It is wielding a +0 dagger.
The goblin shouts!
You hit the endoplasm but do no damage.
The endoplasm is heavily wounded.
The ball python closely misses you. The ball python grabs you.
The ball python constricts you. The endoplasm barely misses you.
The ball python completely misses you. The ball python constricts you.
You hit the ball python.
The ball python is severely wounded.
A ball python comes into view.
The endoplasm freezes you.
You are frozen.
The ball python completely misses you. The ball python constricts you.
You hit the ball python.
You kill the ball python!
The endoplasm freezes you.
You are frozen.
* * * LOW HITPOINT WARNING * * *
The ball python bites you.
* * * LOW HITPOINT WARNING * * *
The ball python barely misses you. The endoplasm freezes you.
You are frozen.
You die...

Action                     || total
---------------------------++-------
  Melee: Club              ||     4
  Evoke: Wand              ||     3
  Dodge: Dodged            ||     6

Levels and vault maps discovered:
D:1:      reono_arrival_forest_river, layout_basic, serial_shops, shop,
          nicolae_ecumenical_snake_handling, minmay_tree_intersection,
          minmay_tromino_mix6

Notes
Turn   | Place    | Note
-------+----------+-------------------------------------------
     0 | D:1      | Jackthecabe the Barachi Artificer began the quest for the
                  | Orb.
     0 | D:1      | Reached XP level 1. HP: 15/15 MP: 1/1
    42 | D:1      | Frozen to death by an endoplasm

Vanquished Creatures
  A hobgoblin (D:1)
  A ball python (D:1)
  A kobold (D:1)
3 creatures vanquished.

Table legend: (Time is in decaauts)
 A = Elapsed time spent in this place.
 B = Non-inter-level travel time spent in this place.
 C = Inter-level travel time spent in this place.
 D = Time resting spent in this place.
 E = Time spent auto-exploring this place.
 F = Levels seen in this place.
 G = Mean time per level.
                   A        B        C        D        E       F      G
               +--------+--------+--------+--------+--------+-----+--------+
         Total |     48 |     48 |      0 |      0 |     25 |   1 |   48.0 |
       Dungeon |     48 |     48 |      0 |      0 |     25 |   1 |   48.0 |
               +--------+--------+--------+--------+--------+-----+--------+

Top non-repeatable levels by time:
     D:1: 48 daAuts

Table legend:
 A = Non-vault XP
 B = Vault XP
 C = Vault XP percentage of total XP
 D = Non-vault monster count
 E = Vault monster count
 F = Vault count percentage of total count
                 A         B        C        D         E       F
            +---------+---------+-------+---------+---------+-------
      Total |       4 |       0 |   0.0 |       3 |       0 |   0.0
            +---------+---------+-------+---------+---------+-------
        D:1 |       4 |       0 |   0.0 |       3 |       0 |   0.0
            +---------+---------+-------+---------+---------+-------
